 Dungeon Crawl Stone Soup version 0.32-a0-685-g93135e86f0 (webtiles) character file.

Game seed: 3497275228888162918

10948 Shayle the Fighter (level 11, -7/89 HPs)
             Began as a Coglin Alchemist on Mar 13, 2024.
             Was an Elder of Dithmenos.
             Mangled by a minotaur
             ... wielding the +6 broad axe of the Shining Light {antimagic, ^Fragile +Blink rF+ Dex+7}
              (26 damage)
             ... in a Gauntlet.
             The game lasted 00:41:03 (10736 turns).

Shayle the Fighter (Coglin Alchemist)              Turns: 10736, Time: 00:41:13

Health: -7/89      AC: 18    Str:  9    XL:     11   Next: 70%
Magic:  11/15      EV:  5    Int: 17    God:    Dithmenos [****..]
Gold:   114        SH:  0    Dex: 19    Spells: 9/13 levels left

rFire   + . .        l - +7 sling "Icepig" {drain, rF+ rCorr}
rCold   + . .        D - +3 hand cannon (elec) {Consuela}
rNeg    . . .        L - +4 chain mail of Anaesthesia {rC+ Slay+2}
rPois   .            r - +2 helmet {Int+3}
rElec   .            (no cloak)
rCorr   +            (no gloves)
SInv    .            u - +2 pair of boots {Stlth+}
Will    .....        (amulet unavailable) Stlth
                     (ring unavailable)
HPRegen 0.34/turn    (ring unavailable)
MPRegen 0.14/turn    (no gizmo)

%: no teleportation
@: wreathed by umbra, revving
A: off-hand wielding, slow wielding, warmup strikes, no jewellery
a: Invent Gizmo, Renounce Religion, Shadow Step


You were in a Gauntlet.
You worshipped Dithmenos.
Dithmenos was greatly pleased with you.
You visited 1 branch of the dungeon, and saw 11 of its levels.
You also visited: Gauntlet.

You collected 701 gold pieces.
You spent 587 gold pieces at shops.

Inventory:

Hand Weapons
 g - a +2 dagger of flaming
 h - a +2 dagger of draining {Somchit}
 i - a +2 dagger of venom
 l - the +7 sling "Icepig" (weapon) {drain, rF+ rCorr}
   (You found it on level 2 of the Dungeon)

   rF+:       It protects you from fire.
   rCorr:     It protects you from acid and corrosion.
 C - a +2 whip of distortion
 D - a +3 hand cannon of electrocution (offhand) {Consuela}
Missiles
 d - a throwing net
Armour
 a - a +1 robe
 j - a +0 troll leather armour
 r - a +2 helmet of intelligence (worn)
 u - a +2 pair of boots of stealth (worn)
 w - a +2 robe of resistance
 E - the +3 leather armour of the Realm of Zot {rC+ Slay+2}
   (You found it on level 8 of the Dungeon)

   Slay+2:    It affects your accuracy & damage with ranged weapons and melee
   (+2).
   rC+:       It protects you from cold.
 H - +0 steam dragon scales
 I - a +0 helmet of see invisible
 L - the +4 chain mail of Anaesthesia (worn) {rC+ Slay+2}
   (You found it in a Gauntlet)

   Slay+2:    It affects your accuracy & damage with ranged weapons and melee
   (+2).
   rC+:       It protects you from cold.
Magical Staves
 c - a staff of air {Hwan}
Wands
 o - a wand of digging (1)
 s - a wand of flame (44)
 v - a wand of charming (1)
 A - a wand of warping (1)
Scrolls
 f - 2 scrolls of immolation
 x - a scroll of amnesia
 y - 3 scrolls of vulnerability
 G - a scroll of brand weapon
Potions
 b - 2 potions of magic
 e - a potion of lignification
 k - 3 potions of might
 n - a potion of invisibility {unknown}
 p - 5 potions of attraction
 q - 3 potions of resistance {unknown}
 z - 2 potions of berserk rage {unknown}
 B - 2 potions of mutation
 F - a potion of ambrosia
 K - 2 potions of enlightenment {unknown}


   Skills:
 + Level 9.0 Fighting
 + Level 8.2 Ranged Weapons
 - Level 1.7 Dodging
 - Level 1.5 Stealth
 - Level 1.7 Spellcasting
 - Level 2.8 Conjurations
 + Level 5.7 Ice Magic
 - Level 2.5 Air Magic
 + Level 5.6 Earth Magic
 - Level 4.6 Alchemy
 + Level 6.5 Invocations


You had 9 spell levels left.
You knew the following spells:

 Your Spells              Type           Power      Damage    Failure   Level
a - Sting                 Conj/Alch      56%        1d6       97%         1
b - Mephitic Cloud        Conj/Alch/Air  12%        N/A       100%        3

Your spell library contained the following spells:

 Spells                   Type           Power      Damage    Failure   Level
 Magic Dart               Conj           44%        1d5       99%         1
 Shock                    Conj/Air       40%        1d5       99%         1
 Mercury Vapours          Alch/Air       26%        N/A       99%         2
 Apportation              Tloc           2%         N/A       100%        1
 Necrotise                Necr           4%         1d4       100%        1
 Summon Small Mammal      Summ           4%         N/A       100%        1
 Searing Ray              Conj           22%        2d5       100%        2
 Call Canine Familiar     Summ           1%         N/A       100%        3
 Dazzling Flash           Conj/Hex       12%        N/A       100%        3
 Hailstorm                Conj/Ice       16%        3d6       100%        3
 Summon Ice Beast         Ice/Summ       11%        N/A       100%        3
 Swiftness                Air            10%        N/A       100%        3
 Vampiric Draining        Necr           1%         2d6       100%        3
 Airstrike                Air            5%         2d(1-17)  100%        4
 Fulminant Prism          Conj/Alch      7%         3d7       100%        4
 Ignite Poison            Fire/Alch      9%         N/A       100%        4
 Martyr's Knell           Necr/Summ      1%         N/A       100%        4
 Olgreb's Toxic Radiance  Alch           17%        N/A       100%        4
 Sticky Flame             Fire/Alch      9%         2d5       100%        4
 Summon Blazeheart Golem  Fire/Summ      1%         N/A       100%        4
 Alistair's Intoxication  Alch           11%        N/A       100%        5
 Borgnjor's Vile Clutch   Necr/Erth      5%         N/A       100%        5
 Curse of Agony           Necr           1%         N/A       100%        5
 Silence                  Hex/Air        2%         N/A       100%        5
 Eringya's Noxious Bog    Alch           8%         4d6       100%        6
 Permafrost Eruption      Ice/Erth       10%        2x4d4     100%        6
 Sculpt Simulacrum        Ice/Alch       9%         N/A       100%        6
 Ignition                 Fire           0%         3d3       100%        8


Dungeon Overview and Level Annotations

Branches:
Dungeon (11/15)              Lair (0/5) D:11            Orc (0/2) D:11
Gauntlet (1/1)
 Temple: D:4-7

Altars:
Dithmenos
Elyvilon
Fedhas
Gozag
Hepliaklqana
Nemelex Xobeh
Okawaru
Qazlal
Ru
Sif Muna
Trog
Uskayaw
Zin
The Shining One

Shops:
D:2 =(*   D:6 *   D:7 ((   D:10 !

Annotations:
D:8 Erica Gauntlet 6 transporters, 3 runed translucent doors


Innate Abilities, Weirdness & Mutations

You can wield a second weapon in your off-hand.
It takes a long time for you to wield or remove held weapons.
Your first few attacks do less damage.
You cannot equip rings or amulets.


Message History

You feel better.
You feel better.
As you read the scroll labelled JAHOEBRYPLI, it dissolves into smoke.
It was a scroll of fog.
You start resting.
A minotaur is nearby!
Aiming: Warp Space
Press: ? - help, Shift-Dir - straight line, f - minotaur
Aim: a minotaur, wielding the +6 broad axe of the Shining Light {antimagic, ^Fragile +Blink rF+ Dex+7}, wearing a +2 ring mail of fire resistance, wearing a +0 kite shield of protection and quivering javelins (heavily wounded, lightly drained) Space twists violently!
The rupture engulfs the minotaur!
The minotaur is heavily wounded.
The minotaur throws a javelin.
The javelin pierces through you!!
* * * LOW HITPOINT WARNING * * *
You feel better.
You feel better.
Fire: l) +7 sling "Icepig" {drain, rF+ rCorr}
Press: ? - help, Q - select action, (/) - cycle Shift-Dir - straight line, f/p - minotaur
Aim: a minotaur, wielding the +6 broad axe of the Shining Light {antimagic, ^Fragile +Blink rF+ Dex+7}, wearing a +2 ring mail of fire resistance, wearing a +0 kite shield of protection and quivering javelins (purple smoke, heavily wounded, lightly drained, umbra, 81% to hit)
You shoot a sling bullet. The sling bullet hits the minotaur!
You drain the minotaur.
The minotaur is severely wounded.
You shoot a slug.
The slug hits the minotaur but does no damage.
Lightning courses through the minotaur!
The minotaur is almost dead.
The minotaur hits you with the +6 broad axe of the Shining Light!
* * * LOW HITPOINT WARNING * * *
You feel your power leaking away.
The minotaur gores you but does no damage.
Okay, then.
Fire: l) +7 sling "Icepig" {drain, rF+ rCorr}
Press: ? - help, Q - select action, (/) - cycle Shift-Dir - straight line, f/p - minotaur
Aim: a minotaur, wielding the +6 broad axe of the Shining Light {antimagic, ^Fragile +Blink rF+ Dex+7}, wearing a +2 ring mail of fire resistance, wearing a +0 kite shield of protection and quivering javelins (purple smoke, almost dead, lightly drained, umbra, 81% to hit)
You shoot a sling bullet.
The sling bullet hits the minotaur but does no damage.
The minotaur is almost dead.
You shoot a slug.
The slug completely misses the minotaur.
The minotaur hits you with the +6 broad axe of the Shining Light!!
You die...

### ### ### ##
#≈###≈###≈###≈##
≈≈≈#≈≈≈#≈≈≈#≈≈≈#
.............≈#
...#########.#######
.⌠.#.......#.≈##@§§#
...#..##..)#.≈≈#§H§########
#####..##.[#.≈##§§§.......#
©.©###.©##©#.###§⌠§###.##.##
.⌠.#x##..###..##...H......ß#
...#xX##..##...#.⌠.#.#.....#
.⌠.#......x#.∩.#...#.#.#####
...#########...#.©.#...#
.⌠.....#.....⌠.#...###.'


You could see a minotaur (drained).

Vanquished Creatures
  Erolcha (D:10)
  A two-headed ogre (D:9)
  2 oklob plants
  A troll (D:9)
  A shadow (D:9)
  4 centaur simulacra (Gauntlet)
  2 wraiths
  A vampire (D:10)
  9 yaks (D:9)
  A basilisk (D:11)
  A wyvern (D:11)
  2 steam dragons (D:10)
  5 vampire mosquitoes
  An acid dragon (Gauntlet)
  3 orc warriors
  3 black bears
  2 ice beasts
  A sky beast (D:7)
  An ogre (D:6)
  2 small abominations (Gauntlet)
  4 centaurs
  2 phantoms
  4 kobold brigands
  3 bullfrogs
  A gnoll sergeant (D:9)
  4 scorpions
  8 wights
  5 killer bees (D:9)
  2 howler monkeys
  2 bombardier beetles
  A quasit (D:6)
  A wyvern simulacrum (Gauntlet)
  A gnoll bouda (D:10)
  6 jellies (D:6)
  2 hounds (D:6)
  10 orc priests
  13 orc wizards
  5 iguanas
  2 sleepcaps
  10 gnolls
  5 adders
  6 shadow imps
  A white imp (D:6)
  8 ufetubi
  A ribbon worm (D:4)
  3 dart slugs
  37 orcs
  26 endoplasms
  3 giant cockroaches
  11 goblins
  11 hobgoblins
  28 kobolds
  4 quokkas
  3 training dummies (D:7)
  6 ball pythons
  4 bats
  2 frilled lizards (D:1)
  4 rats
293 creatures vanquished.

Vanquished Creatures (collateral kills)
  A wraith (D:11)
1 creature vanquished.

Vanquished Creatures (others)
  3 vampire mosquitoes (D:11)
  2 orcs (D:11)
5 creatures vanquished.

Grand Total: 299 creatures vanquished

Notes
Turn   | Place    | Note
-------+----------+-------------------------------------------
     0 | D:1      | Shayle the Coglin Alchemist began the quest for the Orb.
     0 | D:1      | Reached XP level 1. HP: 13/13 MP: 3/3
   223 | D:1      | Reached skill level 1 in Fighting
   223 | D:1      | Reached XP level 2. HP: 21/21 MP: 2/4
   227 | D:1      | Reached skill level 1 in Ranged Weapons
   536 | D:1      | Reached XP level 3. HP: 21/27 MP: 1/5
  1176 | D:2      | Reached skill level 2 in Fighting
  1226 | D:2      | Found Saom's Jewellery Emporium.
  1320 | D:2      | Found a faded altar of an unknown god.
  1385 | D:2      | Found Acanoo's Antique Weapon Shoppe.
  1485 | D:2      | Found Nihia's Assorted Antiques.
  1496 | D:2      | Bought a scroll labelled TESKYA ENIS for 22 gold pieces
  1496 | D:2      | Bought a scroll labelled DIKKUL VIJOSY for 22 gold pieces
  1496 | D:2      | Bought a scroll labelled VIACUN KIHAG for 22 gold pieces
  1496 | D:2      | Bought a scroll labelled HOWULE PIQOJEN for 22 gold pieces
  1526 | D:2      | Identified the +7 sling "Icepig" {drain, rF+ rCorr}
  1794 | D:3      | Found a white marble altar of Elyvilon.
  1797 | D:3      | Found a glowing silver altar of Zin.
  1798 | D:3      | Found a glowing golden altar of the Shining One.
  2031 | D:3      | Reached XP level 4. HP: 33/33 MP: 6/6
  2977 | D:4      | Noticed a phantom
  2986 | D:4      | Killed a phantom
  2987 | D:4      | Reached skill level 3 in Fighting
  2987 | D:4      | Reached XP level 5. HP: 36/41 MP: 7/7
  3018 | D:4      | Found a shadowy altar of Dithmenos.
  3053 | D:4      | Reached XP level 6. HP: 15/48 MP: 8/8
  3177 | D:4      | Became a worshipper of Dithmenos the Shadowed
  3229 | D:4      | Noticed a black bear
  3235 | D:4      | Found a shimmering blue altar of Sif Muna.
  3252 | D:4      | Learned a level 3 spell: Mephitic Cloud
  3287 | D:4      | Reached skill level 4 in Fighting
  3426 | D:4      | Killed a black bear
  3427 | D:4      | Reached skill level 1 in Invocations
  3500 | D:4      | Reached XP level 7. HP: 16/55 MP: 9/9
  3506 | D:5      | Entered Level 5 of the Dungeon
  3811 | D:5      | Found an iron altar of Okawaru.
  3898 | D:5      | Identified the +7 battleaxe "Suydeokhazin" {drain, ^Fragile
                  | Fly rN+ Dex+3}
  3972 | D:5      | Reached skill level 5 in Fighting
  4171 | D:5      | Reached skill level 1 in Conjurations
  4171 | D:5      | Reached XP level 8. HP: 61/63 MP: 10/10
  4341 | D:5      | Reached * piety under Dithmenos
  4481 | D:5      | Reached skill level 5 in Ranged Weapons
  4481 | D:5      | Reached skill level 1 in Air Magic
  4652 | D:5      | Found a sacrificial altar of Ru.
  4889 | D:6      | Found Xeczerocw's General Store.
  4906 | D:6      | Bought 2 potions of heal wounds for 120 gold pieces
  5207 | D:6      | Reached skill level 6 in Fighting
  5209 | D:6      | Reached XP level 9. HP: 69/69 MP: 11/11
  5272 | D:6      | Reached ** piety under Dithmenos
  5282 | D:6      | Noticed an oklob plant
  5702 | D:6      | Killed an oklob plant
  5703 | D:6      | Reached skill level 1 in Ice Magic
  5703 | D:6      | Reached skill level 1 in Earth Magic
  5957 | D:7      | Reached *** piety under Dithmenos
  6227 | D:7      | Found Cishepi's Firing Range.
  6232 | D:7      | Bought a +0 hand cannon of electrocution for 139 gold
                  | pieces
  6363 | D:7      | Reached skill level 7 in Fighting
  6416 | D:7      | Reached XP level 10. HP: 79/79 MP: 13/13
  6443 | D:7      | Found Demackil's Antique Weapon Shoppe.
  6496 | D:7      | Found a stormy altar of Qazlal.
  6873 | D:8      | Identified the +3 leather armour of the Realm of Zot {rC+
                  | Slay+2}
  7318 | D:8      | Noticed Erica
  7440 | D:9      | Found a bloodstained altar of Trog.
  7471 | D:9      | Reached skill level 5 in Invocations
  7614 | D:9      | Reached **** piety under Dithmenos
  7703 | D:9      | Found a hazy altar of Hepliaklqana.
  7934 | D:9      | Noticed a two-headed ogre
  7944 | D:9      | Killed a two-headed ogre
  7945 | D:9      | Reached skill level 8 in Fighting
  8161 | D:9      | Found a sparkling altar of Nemelex Xobeh.
  8161 | D:9      | Found an opulent altar of Gozag.
  8165 | D:9      | Reached XP level 11. HP: 86/86 MP: 15/15
  8447 | D:10     | Entered Level 10 of the Dungeon
  8873 | D:10     | Reached skill level 5 in Ice Magic
  9010 | D:10     | Found Kacef's Distillery.
  9018 | D:10     | Bought a potion of might for 60 gold pieces
  9018 | D:10     | Bought a potion of heal wounds for 75 gold pieces
  9018 | D:10     | Bought a potion of curing for 45 gold pieces
  9018 | D:10     | Bought a potion of degeneration for 15 gold pieces
  9018 | D:10     | Bought a potion of curing for 45 gold pieces
  9085 | D:10     | Reached skill level 5 in Earth Magic
  9145 | D:10     | Found a hide-covered altar of Uskayaw.
  9386 | D:10     | Found a blossoming altar of Fedhas.
  9660 | D:10     | Noticed Erolcha
  9665 | D:10     | Killed Erolcha
  9917 | D:11     | Found a staircase to the Orcish Mines.
 10063 | D:11     | Found a gate leading to a gauntlet.
 10072 | Gauntlet | Entered a Gauntlet
 10072 | Gauntlet | Noticed a shining eye
 10072 | Gauntlet | Found a transporter.
 10072 | Gauntlet | Found a runed translucent gate.
 10072 | Gauntlet | Found a transporter.
 10072 | Gauntlet | Found a runed translucent gate.
 10080 | Gauntlet | Found a transporter.
 10084 | Gauntlet | Found a transporter.
 10123 | Gauntlet | Found a transporter.
 10127 | Gauntlet | Found a transporter.
 10132 | Gauntlet | Noticed a thrashing horror
 10135 | Gauntlet | Found a transporter.
 10149 | Gauntlet | Noticed a sixfirhy
 10150 | Gauntlet | Noticed a sixfirhy
 10151 | Gauntlet | Noticed a sixfirhy
 10152 | Gauntlet | Found a transporter.
 10153 | Gauntlet | Noticed a sixfirhy
 10166 | Gauntlet | Found a transporter.
 10170 | Gauntlet | Found a transporter.
 10186 | Gauntlet | Found a transporter.
 10190 | Gauntlet | Found a transporter.
 10192 | Gauntlet | Found a runed translucent gate.
 10214 | Gauntlet | Noticed an oklob plant
 10252 | Gauntlet | Killed an oklob plant
 10507 | Gauntlet | Reached skill level 9 in Fighting
 10509 | Gauntlet | Identified the +4 chain mail of Anaesthesia {rC+ Slay+2}
 10713 | Gauntlet | Identified the +6 broad axe of the Shining Light
                  | {antimagic, ^Fragile +Blink rF+ Dex+7}
 10713 | Gauntlet | Noticed a minotaur
 10736 | Gauntlet | Mangled by a minotaur

Illustrated notes

Levels and vault maps discovered:
D:1:      giann_forest_graveyard, layout_rooms, minmay_misc_feat_roman,
          st_stairs_4, kennysheep_nondescript, chequers_serial_rivers_large_b
D:2:      layout_rooms, shapermc_ecumenical_altar_venn, serial_shops, shop,
          nicolae_shop_advertising_works [nicolae_subvault_shop_adworks],
          nicolae_shop_waterfront
D:3:      layout_loops_corners, good_gods_temple_1, serial_bayou_pond_e
D:4:      layout_gridville, lemuel_round_altar, nicolae_dithmenos_shadow_blocks,
          minmay_temple_entry_stoned_glass
D:5:      corexii_shack_village, layout_loops_corners, nicolae_ru_path_of_blood,
          okawaru_gym_becter
D:6:      lemuel_slime, layout_rooms, serial_shops, shop, serial_demonic,
          serial_demonic_b, serial_demonic_f, serial_demonic_c,
          serial_demonic_d, serial_demonic_f, serial_demonic_d
D:7:      layout_cave_pools, nicolae_qazlal_beasts_of_the_sky, serial_rivers,
          chequers_serial_rivers_room_a, chequers_serial_rivers_micro_a,
          chequers_serial_rivers_room_b, chequers_serial_rivers_small_b,
          serial_shops, kennysheep_mini, nicolae_shop_firing_range
D:8:      layout_layer_cave, lemuel_round_altar, uniq_erica
D:9:      layout_roguey, nzn_hepliaklqana_mist_gate, trog_book,
          grunt_temple_overflow_opulence
D:10:     cheibrodos_steamvent, layout_layer_cave, marbit_many_paths,
          mainiacjoe_overflow_alcove_2, serial_shops, shop, uniq_erolcha
D:11:     layout_big_octagon, david_lair_generic, david_orc_3,
          gauntlet_entry_generic, serial_bayou, serial_bayou_shore_a,
          serial_bayou_pond_e, serial_bayou_pond_a, serial_bayou_pond_d,
          kennysheep_generic_room_9
Gauntlet: minmay_gauntlet_77_indecision [minmay_gauntlet_arena_77_two_paths,
          minmay_gauntlet_arena_77_run_for_it,
          minmay_gauntlet_arena_77_squiggly, minmay_gauntlet_arena_77_box,
          minmay_gauntlet_arena_77_two_lines,
          minmay_gauntlet_arena_77_chump_sandwich,
          nicolae_gauntlet_exit_dead_adventurers]

Skill      XL: |  1  2  3  4  5  6  7  8  9 10 11 |
---------------+----------------------------------+-----
Fighting       | 1 2 3 4 5 6 7 8 9 |  9.0
Ranged Weapons | 1 2 3 4 5 6 7 8 |  8.2
Invocations    | 1 2 3 4 5 6 |  6.5
Conjurations   | 1 2 |  2.8
Air Magic      | 2 |  2.5
Alchemy        | 4 |  4.6
Ice Magic      | 2 4 5 |  5.7
Earth Magic    | 2 4 5 |  5.6
Dodging        | |  1.7
Stealth        | |  1.5
Spellcasting   | |  1.7

Action                     |  1- 3 |  4- 6 |  7- 9 | 10-12 || total
---------------------------+-------+-------+-------+-------++-------
  Melee: Unarmed           |    15 |       |       |       ||    15
         Punch             |     1 |       |       |       ||     1
         Staff             |    51 |       |       |       ||    51
         Dagger            |    10 |       |     1 |       ||    11
         Sling             |       |       |     1 |     1 ||     2
         Hand cannon       |       |       |       |     1 ||     1
   Fire: Sling             |     8 |   116 |   374 |   198 ||   696
         Hand cannon       |       |       |    10 |   198 ||   208
   Cast: Sting             |    49 |       |       |       ||    49
  Evoke: Wand              |       |       |       |    19 ||    19
    Use: Scroll            |     4 |     3 |     6 |    13 ||    26
         Potion            |       |     3 |       |    11 ||    14
 Armour: Robe              |    35 |    49 |   121 |    21 ||   226
         Skin              |       |    82 |       |     9 ||    91
         Leather armour    |       |       |       |   137 ||   137
         Chain mail        |       |       |       |     8 ||     8
  Dodge: Dodged            |    53 |    47 |   167 |   110 ||   377

Table legend: (Time is in decaauts)
 A = Elapsed time spent in this place.
 B = Non-inter-level travel time spent in this place.
 C = Inter-level travel time spent in this place.
 D = Time resting spent in this place.
 E = Time spent auto-exploring this place.
 F = Levels seen in this place.
 G = Mean time per level.
                   A        B        C        D        E       F      G
               +--------+--------+--------+--------+--------+-----+--------+
         Total |  10942 |  10748 |    194 |   1936 |   6017 |  12 |  911.8 |
       Dungeon |  10270 |  10076 |    194 |   1578 |   6017 |  11 |  933.6 |
      Gauntlet |    672 |    672 |      0 |    358 |      0 |   1 |  672.0 |
               +--------+--------+--------+--------+--------+-----+--------+

Top non-repeatable levels by time:
    D:10: 1440 daAuts
     D:5: 1397 daAuts
     D:1: 1185 daAuts
     D:9: 1125 daAuts
     D:6: 1090 daAuts
     D:3: 920 daAuts
     D:7: 860 daAuts
     D:4: 827 daAuts
Gauntlet: 672 daAuts
     D:2: 643 daAuts
     D:8: 558 daAuts
    D:11: 220 daAuts
